 Dungeon Crawl Stone Soup version 0.30-a0-748-ge6a52f7cba (webtiles) character file.

Game seed: 4203157490889257583

5 Esekla the Sneak (level 1, 16/16 HPs)
             Began as an Octopode Delver on Feb 8, 2023.
             Quit the game on level 5 of the Dungeon.
             The game lasted 00:00:38 (47 turns).

Esekla the Sneak (Octopode Delver)                    Turns: 47, Time: 00:00:39

Health: 16/16      AC:  1    Str: 11    XL:     1   Next: 80%
Magic:  1/1        EV: 13    Int: 12    God:
Gold:   8          SH:  0    Dex: 13    Spells: 0/0 levels left

rFire   . . .      SeeInvis .    a - +0 falchion
rCold   . . .      Faith    .    (no shield)
rNeg    . . .      Spirit   .    (helmet restricted)
rPois   .          Reflect  .    (no amulet)
rElec   .          Harm     .    (no ring)
rCorr   .          Rampage  .    (no ring)
Will    .....                    (no ring)
Stlth   ++++                     (no ring)
HPRegen 0.22/turn                (no ring)
MPRegen 0.07/turn                (no ring)
                                 (no ring)
                                 (no ring)

@: no status effects
A: almost no armour, amphibious, 8 rings, camouflage 1, gelatinous body 1,
(nimble swimmer 1), tentacles
a: no special abilities


You were on level 5 of the Dungeon.
You visited 1 branch of the dungeon, and saw 1 of its levels.

You collected 8 gold pieces.

Inventory:

Hand Weapons
 a - a +0 falchion (weapon)
Wands
 f - a wand of digging (3)
Scrolls
 b - a scroll of fog
 c - a scroll of identify {unknown}
 d - a scroll of fear
 g - a scroll of blinking {unknown}
Potions
 e - a potion of haste


   Skills:
 * Level 3.0 Fighting
 * Level 2.0 Long Blades
 * Level 2.0 Dodging
 + Level 6.7 Stealth
 * Level 0.1 Spellcasting


You couldn't memorise any spells.
You didn't know any spells.
Your spell library contained the following spells:

 Spells                   Type           Power      Damage    Failure   Level
 Ensorcelled Hibernation  Hex/Ice        0%         N/A       45%         2
 Spider Form              Tmut/Pois      0%         N/A       69%         3
 Anguish                  Hex/Necr       0%         N/A       97%         4


Dungeon Overview and Level Annotations

Branches:
Dungeon (5/15)
 Temple: D:4-7

Altars:
Cheibriados


Innate Abilities, Weirdness & Mutations

You cannot wear most types of armour.
You are amphibious.
You can wear up to eight rings at the same time.
Your skin changes colour to match your surroundings (Stealth+).
Your rubbery body absorbs attacks. (AC +1, EV +1)
((You are camouflaged when in or above water. (Stealth+)))
You have tentacles for arms and can constrict up to eight enemies at once.


Message History

Welcome, Esekla the Octopode Delver.
Will you prevail where others failed? Will you find the Orb of Zot?
Press ? for a list of commands and other information.
Found 8 gold pieces.
Found two stone staircases leading down and two stone staircases leading up.
You now have 8 gold pieces.
As you read the scroll of magic mapping, it crumbles to dust.
You feel aware of your surroundings.
You sensed 1 altar.
Found a stone staircase leading up.
Found a scroll labelled HUADIV WANUQ.
Found a book of Dreams.
An ogre comes into view. It is wielding a +0 giant club.
Found a snail-covered altar of Cheibriados.
Found a scroll labelled EMANAF NEXE.
An iguana comes into view.
You pick up a book of Dreams and begin reading...
You add the spells Ensorcelled Hibernation, Spider Form and Anguish to your library.
c - a scroll labelled HUADIV WANUQ An ufetubus comes into view.
Found a mace.
The ufetubus shouts!
You hit the ufetubus. Your grab misses the ufetubus. You squeeze the ufetubus.
You kill the ufetubus!
The iguana hisses angrily.
Found a dagger.
You see here a scroll labelled EMANAF NEXE.
g - a scroll labelled EMANAF NEXE The iguana misses you.
Are you sure you want to abandon this character and quit the game? (Confirm with "yes".)

#.##.....###...#**
#.##..##.#...#####
#.##..#...........
#.###..........#.#
#.....#######....#
#**#..........O......
#.*#.....#.###.#...##
#..#.....#.....#...##
#...@l...#.._..#.....
#.##.....#.^...#....O
***#,.......#.###.#...<.
**,,,,..........,........
**,,,,........###*###.....
*,,,,...........,,,,......
*,,,.............,,,,,,,,,
*,,.........)....***,,,,,,
*,,,,,,,,,,,,,,,,***,,,,,,


You could see an iguana.

Vanquished Creatures
  An ufetubus (D:5)
1 creature vanquished.

Notes
Turn   | Place    | Note
-------+----------+-------------------------------------------
     0 | D:5      | Esekla the Octopode Delver began the quest for the Orb.
     0 | D:5      | Reached XP level 1. HP: 16/16 MP: 1/1
    10 | D:5      | Noticed an ogre
    11 | D:5      | Found a snail-covered altar of Cheibriados.
    18 | D:5      | Noticed an iguana
    47 | D:5      | Quit the game

Illustrated notes

Levels and vault maps discovered:
D:5:      layout_rooms, mainiacjoe_overflow_cross_hatched, uniq_edmund

Action                     || total
---------------------------++-------
  Melee: Falchion          ||     1
         Tentacles         ||     1
    Use: Scroll            ||     1
  Dodge: Dodged            ||     1

Table legend: (Time is in decaauts)
 A = Elapsed time spent in this place.
 B = Non-inter-level travel time spent in this place.
 C = Inter-level travel time spent in this place.
 D = Time resting spent in this place.
 E = Time spent auto-exploring this place.
 F = Levels seen in this place.
 G = Mean time per level.
                   A        B        C        D        E       F      G
               +--------+--------+--------+--------+--------+-----+--------+
         Total |     47 |     47 |      0 |      0 |      0 |   1 |   47.0 |
       Dungeon |     47 |     47 |      0 |      0 |      0 |   1 |   47.0 |
               +--------+--------+--------+--------+--------+-----+--------+

Top non-repeatable levels by time:
     D:5: 47 daAuts
